 Dungeon Crawl Stone Soup version 0.30-a0-1164-ge08a67761e (webtiles) character file.

Game seed: 12885269466980514324

888 backslashecho the Thaumaturge (level 7, 0/36 HPs)
             Began as a Deep Elf Venom Mage on Apr 29, 2023.
             Slain by a phantom (7 damage)
             ... on level 4 of the Dungeon on Apr 30, 2023.
             The game lasted 00:16:11 (5731 turns).

backslashecho the Thaumaturge (Deep Elf Venom Mage) Turns: 5731, Time: 00:16:12

Health: 0/36       AC:  4    Str:  5    XL:     7   Next: 77%
Magic:  12/21      EV: 16    Int: 22    God:
Gold:   162        SH:  0    Dex: 15    Spells: 14/24 levels left

rFire   . . .        c - +1 dagger (holy)
rCold   . . .        (no shield)
rNeg    . . .        w - +1 leather armour {Will+}
rPois   +            (no helmet)
rElec   .            (no cloak)
rCorr   .            (no gloves)
SInv    .            (no boots)
Will    +....        (no amulet)
Stlth   ++           n - ring of poison resistance
HPRegen 0.26/turn    p - +5 ring of evasion
MPRegen 0.17/turn

%: no passive effects
@: studying Armour
A: no striking features
a: no special abilities


You were on level 4 of the Dungeon.
You visited 2 branches of the dungeon, and saw 6 of its levels.

You collected 173 gold pieces.
You spent 11 gold pieces at shops.

Inventory:

Hand Weapons
 c - a +1 dagger of holy wrath (weapon)
Missiles
 e - 2 boomerangs of dispersal
 h - 6 curare-tipped darts (quivered)
 u - a throwing net
Armour
 a - a +2 leather armour of positive energy
 w - a +1 leather armour of willpower (worn)
Jewellery
 j - a ring of protection from cold
 n - a ring of poison resistance (left hand)
 p - a +5 ring of evasion (right hand)
Scrolls
 g - a scroll of enchant armour {unknown}
 i - 4 scrolls of teleportation {unknown}
 o - a scroll of summoning {unknown}
 q - a scroll of immolation {unknown}
 r - a scroll of poison {unknown}
 s - a scroll of blinking {unknown}
 t - a scroll of enchant weapon {unknown}
 v - a scroll of vulnerability {unknown}
Potions
 b - 3 potions of magic
 d - 3 potions of attraction
 f - a potion of invisibility {unknown}
 k - 2 potions of curing
 l - 2 potions of mutation
 m - a potion of might {unknown}


   Skills:
 - Level 2.4 Dodging
 + Level 4.3 Stealth
 - Level 9.0 Spellcasting
 - Level 2.0 Conjurations
 - Level 1.1 Transmutations
 - Level 2.0 Air Magic
 + Level 5.8 Poison Magic


You had 14 spell levels left.
You knew the following spells:

 Your Spells              Type           Power      Damage    Failure   Level
a - Sting                 Tmut/Pois      100%       1d8       2%          1
c - Poisonous Vapours     Pois/Air       54%        N/A       3%          2
e - Mephitic Cloud        Conj/Pois/Air  24%        N/A       9%          3
r - Olgreb's Toxic Radia  Pois           35%        N/A       11%         4

Your spell library contained the following spells:

 Spells                   Type           Power      Damage    Failure   Level
 Apportation              Tloc           18%        N/A       11%         1
 Alistair's Intoxication  Tmut/Pois      16%        N/A       58%         5


Dungeon Overview and Level Annotations

Branches:
Dungeon (5/15)             Temple (1/1) D:4

Altars:
Ashenzari
Dithmenos
Elyvilon
Fedhas
Gozag
Hepliaklqana
Kikubaaqudgha
Makhleb
Nemelex Xobeh
Okawaru
Qazlal
Ru
Trog
Vehumet
Zin
The Shining One

Shops:
D:1 ??[!?   D:3 !

Annotations:
D:4 2 runed translucent doors, Mangosteen's ghost, novice MiBe


Message History

You closely miss the phantom.
The phantom is heavily damaged.
The phantom barely misses you.
You miss the phantom.
The phantom is heavily damaged.
The phantom completely misses you.
You barely miss the phantom.
The phantom is heavily damaged.
The phantom barely misses you.
You closely miss the phantom.
The phantom is heavily damaged.
The phantom misses you.
You closely miss the phantom.
The phantom is heavily damaged.
The phantom hits you but does no damage.
You closely miss the phantom.
The phantom is heavily damaged.
The phantom hits you.
You take 4 damage, and have 16/36 hp.
You barely miss the phantom.
The phantom is heavily damaged.
The phantom hits you.
You take 5 damage, and have 11/36 hp.
You hit the phantom but do no damage.
The phantom is heavily damaged.
The phantom hits you but does no damage.
You hit the phantom.
The phantom convulses.
The phantom is heavily damaged.
The phantom hits you.
* * * LOW HITPOINT WARNING * * *
You take 4 damage, and have 7/36 hp.
You closely miss the phantom.
The phantom is heavily damaged.
The phantom hits you but does no damage.
Okay, then.
Unknown command.
You hit the phantom but do no damage.
The phantom is heavily damaged.
The phantom hits you!
You die...

...####.# ##.......~~§§~..##.#
.....##.#####...#...§~~..###.#
.....##....###'##....#######.#
........###.##.####### #...#
...#.#.## ##)#.### #.###
...#.#.# #[....# #.# ####.#.##
##.....# #.# #.##.###..>...#
#.# ##.###...##..W@# #.#
#.......####.#.#########.#
#.####### #.#...........# #.#
#.#..##########
#.#############.#
#..#~~S~~~~WS#..#
#..+~~~~[~~~B+..#
##.#~~~~~~~~~#.##
###############


You could see a phantom.

Vanquished Creatures
  Eustachio (D:4)
  Duvessa (D:4)
  A scorpion (D:4)
  Dowan (D:4)
  2 vampire bats (D:3)
  An orc priest (D:4)
  A hound (D:2)
  A gnoll bouda (D:4)
  4 orc wizards (D:4)
  7 adders
  10 gnolls
  A white imp (D:4)
  An ufetubus (D:3)
  3 worms (D:2)
  4 dart slugs
  6 orcs
  13 ball pythons
  7 endoplasms
  3 giant cockroaches
  5 goblins
  7 hobgoblins
  4 jackals (D:2)
  4 quokkas
  10 bats
  3 frilled lizards (D:2)
  13 kobolds
  A rat (D:1)
115 creatures vanquished.

Notes
Turn   | Place    | Note
-------+----------+-------------------------------------------
     0 | D:1      | backslashecho the Deep Elf Venom Mage began the quest for
                  | the Orb.
     0 | D:1      | Reached XP level 1. HP: 10/10 MP: 6/6
   133 | D:1      | Found Unyeneth's Magic Scroll Boutique.
   166 | D:1      | Reached XP level 2. HP: 15/15 MP: 6/8
   209 | D:1      | Found Xauq's Antique Armour Boutique.
   439 | D:1      | Found Epege's Magic Scroll Shoppe.
   596 | D:1      | Found Cerikitiu's Distillery.
   613 | D:1      | Found Seihap's Magic Scroll Shoppe.
   620 | D:1      | Reached skill level 4 in Spellcasting
   648 | D:1      | Bought a potion of degeneration for 11 gold pieces
   943 | D:2      | Reached XP level 3. HP: 16/19 MP: 5/10
  1315 | D:2      | Reached skill level 5 in Spellcasting
  1388 | D:2      | Reached XP level 4. HP: 15/24 MP: 0/13
  1721 | D:2      | Learned a level 2 spell: Poisonous Vapours
  1725 | D:2      | Learned a level 3 spell: Mephitic Cloud
  2471 | D:3      | Found Heis's Distillery.
  2560 | D:3      | Reached skill level 6 in Spellcasting
  2608 | D:3      | Reached XP level 5. HP: 21/28 MP: 1/15
  2919 | D:3      | Reached skill level 7 in Spellcasting
  3374 | D:3      | Found a radiant altar of Vehumet.
  3389 | D:3      | Reached skill level 5 in Poison Magic
  3397 | D:3      | Reached XP level 6. HP: 19/32 MP: 10/18
  3583 | D:4      | Found a staircase to the Ecumenical Temple.
  3598 | Temple   | Entered the Ecumenical Temple
  3754 | D:4      | Reached skill level 8 in Spellcasting
  4005 | D:4      | Found a runed translucent door.
  4006 | D:4      | Noticed Mangosteen's ghost (novice MiBe)
  4049 | D:4      | Found a runed translucent door.
  4093 | D:4      | Noticed Dowan
  4101 | D:4      | Noticed Duvessa
  4116 | D:4      | Killed Dowan
  4239 | D:4      | Reached skill level 1 in Conjurations
  4239 | D:4      | Reached skill level 1 in Air Magic
  4272 | D:4      | Reached XP level 7. HP: 17/36 MP: 0/20
  4529 | D:4      | Noticed Eustachio
  4891 | D:4      | Learned a level 4 spell: Olgreb's Toxic Radiance
  5603 | D:4      | Killed Eustachio
  5604 | D:4      | Reached skill level 9 in Spellcasting
  5607 | D:4      | Killed Duvessa
  5703 | D:5      | Entered Level 5 of the Dungeon
  5731 | D:4      | Slain by a phantom

Illustrated notes

Levels and vault maps discovered:
D:1:      eino_arrival_tree_alley, layout_loops_ring, serial_shops,
          nicolae_shop_peninsula, nicolae_lakefront_shop, shop,
          nicolae_shop_statue_plus, nicolae_shop_just_a_little_nook
D:2:      layout_loops_corners, kennysheep_path_1
D:3:      layout_loops_ring, mainiacjoe_overflow_concentric_impassable,
          serial_shops, nicolae_shop_tiny_glass, grunt_ministairs_13,
          roderic_batcave, chequers_serial_rivers_micro_e
D:4:      layout_loops_corners, minmay_temple_entry_mist, ebering_ghost_sewer_f,
          uniq_eustachio, uniq_duvessa
D:5:      layout_rooms, serial_bayou, serial_bayou_lake_a, serial_bayou_ford_a,
          serial_bayou_shore_a, serial_bayou_shore_b, serial_bayou_pond_c,
          nicolae_figureground_sparkle
Temple:   regret_index_temple_waves

Skill      XL: |  1  2  3  4  5  6  7 |
---------------+----------------------+-----
Spellcasting   | 4 5 6 7 8 9 |  9.0
Poison Magic   | 4 5 |  5.8
Conjurations   | 1 2 |  2.0
Air Magic      | 1 2 |  2.0
Stealth        | 4 |  4.3
Dodging        | |  2.4
Transmutations | |  1.1

Action                     |  1- 3 |  4- 6 |  7- 9 || total
---------------------------+-------+-------+-------++-------
  Melee: Unarmed           |     3 |       |       ||     3
         Dagger            |    26 |    48 |    28 ||   102
         Short sword       |     1 |       |       ||     1
  Throw: Dart              |       |     2 |     4 ||     6
   Cast: Sting             |    62 |   129 |    63 ||   254
         Poisonous Vapours |       |    13 |     6 ||    19
         Mephitic Cloud    |       |     1 |     2 ||     3
         Olgreb's Toxic Ra |       |       |     1 ||     1
    Use: Scroll            |       |     2 |     2 ||     4
 Armour: Robe              |    16 |    19 |     6 ||    41
         Leather armour    |       |       |     5 ||     5
  Dodge: Dodged            |    35 |   158 |    38 ||   231

Table legend: (Time is in decaauts)
 A = Elapsed time spent in this place.
 B = Non-inter-level travel time spent in this place.
 C = Inter-level travel time spent in this place.
 D = Time resting spent in this place.
 E = Time spent auto-exploring this place.
 F = Levels seen in this place.
 G = Mean time per level.
                   A        B        C        D        E       F      G
               +--------+--------+--------+--------+--------+-----+--------+
         Total |   5744 |   5284 |    460 |    557 |   3265 |   6 |  957.3 |
       Dungeon |   5614 |   5170 |    444 |    557 |   3165 |   5 | 1122.8 |
        Temple |    129 |    113 |     16 |      0 |    100 |   1 |  129.0 |
               +--------+--------+--------+--------+--------+-----+--------+

Top non-repeatable levels by time:
     D:4: 1758 daAuts
     D:2: 1557 daAuts
     D:3: 1437 daAuts
     D:1: 858 daAuts
  Temple: 129 daAuts
     D:5: 3 daAuts
